AoeStats
← kkkg

Enclosed

505410760Analyzed
1v1 RM · 23d ago on Sep 9, 2026· 37m 27s· 2 players
Game mode
Random Map
Map size
Tiny (2 player)
Population
200
Speed
Normal
Resources
Standard
Victory
Conquest
Starting age
Dark Age
Ending age
Imperial Age
RankedLock teamsTeams togetherTeam positionsShared explorationLock speedFull tech treeHidden civsTurbo modeCheats
Victory
Defeat
🇨🇭 Franks · Switzerland
937
+16
🇨🇳 Bulgarians · China
947
-16
LagerregaL92
7:31 Loom
10:01 Feudal Age
13:24 Double-Bit Axe
14:54 Wheelbarrow
18:07 Castle Age
30:09 Scale Barding Armor
32:28 Hand Cart
31:59 Town Watch
32:07 Gold Mining
kkkg
10:37 Feudal Age
14:40 Double-Bit Axe
15:32 Forging
19:28 Scale Mail Armor
21:57 Castle Age
20:45 Bloodlines
21:56 Loom
22:27 Pikeman
23:48 Iron Casting
31:00 Bow Saw
32:43 Wheelbarrow
32:18 Squires
37:23 Chain Mail Armor
Connection lost

Rejoining the realm…

Still unreachable

The connection could not be restored.

Session expired

The server has moved on; the page needs a fresh start.